 Dungeon Crawl Stone Soup version 0.31-a0-435-g2c6fae2916 (webtiles) character file.

Game seed: 17877659338561405854

979 bobarctor the Grasshopper (level 8, -4/63 HPs)
             Began as a Gnoll Warper on Aug 2, 2023.
             Was an Initiate of Dithmenos.
             Slain by Duvessa
             ... wielding a +0 long sword
              (14 damage)
             ... on level 5 of the Dungeon.
             The game lasted 00:36:15 (5797 turns).

bobarctor the Grasshopper (Gnoll Warper)            Turns: 5797, Time: 00:36:15

Health: -4/63      AC:  5    Str: 11    XL:     8   Next: 17%
Magic:  7/16       EV: 13    Int: 13    God:    Dithmenos [......]
Gold:   150        SH:  0    Dex: 13    Spells: 8/18 levels left

rFire   . . .        a - +0 spear
rCold   . . .        (no shield)
rNeg    . . .        b - +0 leather armour
rPois   .            g - +1 helmet {SInv}
rElec   .            (no cloak)
rCorr   .            (no gloves)
SInv    +            (no boots)
Will    .....        (no amulet)
Stlth   ++           (no ring)
HPRegen 0.30/turn    (no ring)
MPRegen 0.15/turn

%: no passive effects
@: no status effects
A: fangs 1, strong nose, distributed training
a: Renounce Religion


You were on level 5 of the Dungeon.
You worshipped Dithmenos.
Dithmenos was noncommittal.
You visited 2 branches of the dungeon, and saw 7 of its levels.

You collected 297 gold pieces.
You spent 147 gold pieces at shops.

Inventory:

Hand Weapons
 a - a +0 spear (weapon)
 y - a +2 whip of freezing
 B - a +0 shortbow
 E - a +2 dagger of electrocution
 I - a +4 dagger of freezing
Missiles
 d - 7 darts of dispersal
 h - 3 javelins (quivered)
 w - 7 stones
 x - 17 poisoned darts
 A - 2 boomerangs
Armour
 b - a +0 leather armour (worn)
 g - a +1 helmet of see invisible (worn)
 v - the +4 chain mail of the Original Sin {MP+9 Slay+2}
   (You found it on level 3 of the Dungeon)

   Slay:      It affects your accuracy & damage with ranged weapons and melee
   (+2).
   MP:        It affects your magic capacity (+9).
Jewellery
 q - a ring of fire
Talismans
 K - a blade talisman
Wands
 G - a wand of flame (9)
 J - a wand of polymorph (4)
Scrolls
 c - a scroll of blinking
 f - 3 scrolls of enchant armour {unknown}
 j - 3 scrolls of teleportation {unknown}
 k - a scroll of poison {unknown}
 m - a scroll of fog {unknown}
 o - a scroll of revelation {unknown}
 p - 4 scrolls of identify {unknown}
 r - a scroll of silence {unknown}
 t - a scroll of immolation {unknown}
 C - a scroll of enchant weapon {unknown}
 H - 2 scrolls of amnesia {unknown}
 L - a scroll of noise {unknown}
Potions
 e - a potion of resistance {unknown}
 i - 2 potions of berserk rage {unknown}
 l - 2 potions of heal wounds {unknown}
 n - 4 potions of lignification
 s - 2 potions of mutation {unknown}
 u - a potion of might {unknown}
 z - 6 potions of curing
 D - a potion of haste {unknown}
 F - a potion of invisibility {unknown}


   Skills:
 + Level 5.5 Fighting
 + Level 3.1 Short Blades
 + Level 3.1 Long Blades
 + Level 3.1 Axes
 + Level 3.1 Maces & Flails
 + Level 5.5 Polearms
 + Level 3.1 Staves
 + Level 3.1 Ranged Weapons
 + Level 4.0 Throwing
 + Level 4.0 Armour
 + Level 5.5 Dodging
 + Level 3.1 Stealth
 + Level 3.1 Shields
 + Level 3.1 Unarmed Combat
 + Level 5.9 Spellcasting
 + Level 2.5 Conjurations
 + Level 2.5 Hexes
 + Level 2.5 Summonings
 + Level 2.5 Necromancy
 + Level 6.0 Translocations
 + Level 2.5 Transmutations
 + Level 2.5 Fire Magic
 + Level 2.5 Ice Magic
 + Level 2.5 Air Magic
 + Level 2.5 Earth Magic
 + Level 2.5 Poison Magic
 + Level 3.4 Invocations
 + Level 3.1 Evocations
 + Level 2.5 Shapeshifting


You had 8 spell levels left.
You knew the following spells:

 Your Spells              Type           Power      Damage    Failure   Level
a - Blink                 Tloc           38%        N/A       2%          2
b - Lesser Beckoning      Tloc           38%        N/A       2%          2
c - Teleport Other        Tloc           19%        N/A       5%          3
d - Vhi's Electric Charg  Tloc/Air       30%        N/A       11%         3

Your spell library contained the following spells:

 Spells                   Type           Power      Damage    Failure   Level
 Apportation              Tloc           38%        N/A       1%          1
 Freeze                   Ice            40%        1d6       8%          1
 Manifold Assault         Tloc           19%        N/A       19%         4
 Frozen Ramparts          Ice            20%        1d4       24%         3
 Hailstorm                Conj/Ice       10%        3d5       24%         3
 Alistair's Intoxication  Tmut/Pois      6%         N/A       91%         5


Dungeon Overview and Level Annotations

Branches:
Dungeon (6/15)             Temple (1/1) D:6

Altars:
Ashenzari
Cheibriados
Dithmenos
Elyvilon
Fedhas
Gozag
Hepliaklqana
Makhleb
Nemelex Xobeh
Okawaru
Qazlal
Ru
Sif Muna
Trog
Uskayaw
Vehumet
Wu Jian
Xom
Yredelemnul
Zin
The Shining One

Shops:
D:2 ![   D:3 *   D:6 !

Annotations:
D:5 Duvessa


Innate Abilities, Weirdness & Mutations

You have very sharp teeth.
Your uncanny sense of smell can sniff out nearby items.
Your experience applies equally to all skills.


Message History

You hear a shout!
A hound comes into view.
Throw: 4 javelins
Press: ? - help, Q - select action, (/) - cycle Shift-Dir - straight line, f/p - Duvessa
Aim: Duvessa, wielding a +0 long sword, wearing a +0 ring mail and quivering stones (moderately wounded, berserk, very poisoned, 67% to hit)
You throw a javelin.
The javelin pierces through Duvessa but does no damage.
Duvessa is moderately wounded.
The javelin pierces through the orc!
You kill the orc!
Dithmenos accepts your kill.
The javelin pierces through the acid dragon!
The acid dragon is heavily wounded.
An orc comes into view. It is wielding a +0 flail.
Duvessa hits you with a +0 long sword!! Duvessa hits you with a +0 long sword!
Duvessa barely misses you. A mysterious force pulls you upwards.
The hatch slams shut behind you.
Casting: Teleport Other (dangerous; 5% risk of failure)
Confirm with . or Enter, or press ? or * to list all spells.
Aiming: Teleport Other (dangerous; 5% risk of failure)
Press: ? - help, Shift-Dir - straight line, f - Duvessa
Aim: Duvessa, wielding a +0 long sword, wearing a +0 ring mail and quivering stones (moderately wounded, berserk, very poisoned, chance to affect: 41%) Duvessa resists with some effort.
Duvessa hits you with a +0 long sword!
Casting: Teleport Other (dangerous; 5% risk of failure)
Confirm with . or Enter, or press ? or * to list all spells.
Aiming: Teleport Other (dangerous; 5% risk of failure)
Press: ? - help, Shift-Dir - straight line, f/p - Duvessa
Aim: Duvessa, wielding a +0 long sword, wearing a +0 ring mail and quivering stones (moderately wounded, berserk, very poisoned, chance to affect: 41%) Duvessa looks slightly unstable.
Duvessa misses you. Duvessa hits you with a +0 long sword!
* * * LOW HITPOINT WARNING * * *
Duvessa disappears!
Duvessa reappears nearby!
Casting: Teleport Other (dangerous; 5% risk of failure)
Confirm with . or Enter, or press ? or * to list all spells.
Aiming: Teleport Other (dangerous; 5% risk of failure)
Press: ? - help, Shift-Dir - straight line, f/p - Duvessa
Aim: Duvessa, wielding a +0 long sword, wearing a +0 ring mail and quivering stones (heavily wounded, berserk, very poisoned, chance to affect: 41%) Duvessa looks slightly unstable.
Duvessa attacks as you move away! Duvessa hits you with a +0 long sword!
You die...

##.......## ####......#
#####.....## ##....#....#
.####...#..#####.....#....#
.>##....##............##.##
#..........##.........##.#
....÷.....#####..>....##.#
.##...^...# ##.....###.#
.##...#...######e....###.#
.#..#........##.@.....##.#
......#...........<...##.##
.#..#.##......)...§.......#
....#.##..##.........##.#.#######
..###.########......###..........
...##.# #..##...............
...##.# ###..#########........
......######....# ######........
...##.##........# #......##.####


You could see Duvessa (berserk, very poisoned, teleporting).

Vanquished Creatures
  A black bear (D:6)
  An ogre (D:6)
  A centaur (D:4)
  A phantom (D:4)
  A kobold brigand (D:6)
  A scorpion (D:5)
  Dowan (D:6)
  3 hounds
  3 iguanas
  2 orc wizards
  2 scorpion zombies (D:4)
  A hound skeleton (D:4)
  A hound zombie (D:4)
  7 adders
  2 adder zombies (D:4)
  3 worms
  3 dart slugs
  16 orcs
  9 endoplasms
  5 giant cockroaches
  3 goblins
  6 hobgoblins
  2 kobolds (D:4)
  3 quokkas
  5 ball pythons
  10 bats
  6 frilled lizards
  8 rats
107 creatures vanquished.

Notes
Turn   | Place    | Note
-------+----------+-------------------------------------------
     0 | D:1      | bobarctor the Gnoll Warper began the quest for the Orb.
     0 | D:1      | Reached XP level 1. HP: 20/20 MP: 6/6
    83 | D:1      | Reached XP level 2. HP: 25/26 MP: 7/7
    98 | D:1      | Learned a level 2 spell: Blink
   101 | D:1      | Learned a level 2 spell: Lesser Beckoning
   475 | D:1      | Reached skill level 5 in Spellcasting
   475 | D:1      | Reached XP level 3. HP: 30/31 MP: 7/9
   637 | D:2      | Learned a level 3 spell: Teleport Other
   728 | D:2      | Found Peyckoq's Antique Armour Boutique.
   792 | D:2      | Reached skill level 1 in Invocations
   853 | D:2      | Reached skill level 1 in Short Blades
   853 | D:2      | Reached skill level 1 in Long Blades
   853 | D:2      | Reached skill level 1 in Axes
   853 | D:2      | Reached skill level 1 in Maces & Flails
   853 | D:2      | Reached skill level 1 in Staves
   853 | D:2      | Reached skill level 1 in Ranged Weapons
   853 | D:2      | Reached skill level 1 in Stealth
   853 | D:2      | Reached skill level 1 in Shields
   853 | D:2      | Reached skill level 1 in Unarmed Combat
   853 | D:2      | Reached skill level 1 in Evocations
   998 | D:2      | Reached XP level 4. HP: 38/38 MP: 11/11
  1244 | D:2      | Learned a level 3 spell: Vhi's Electric Charge
  1285 | D:2      | Found Gicesi Gaok's Distillery.
  1578 | D:3      | Identified the +4 chain mail of the Original Sin {MP+9
                  | Slay+2}
  1771 | D:3      | Found Zitutsis's Assorted Antiques.
  1794 | D:3      | Bought a scroll labelled WIYVVI FA TEKHLUYFE for 30 gold
                  | pieces
  1794 | D:3      | Bought an amethyst potion for 27 gold pieces
  1794 | D:3      | Bought a scroll labelled WIYVVI FA TEKHLUYFE for 30 gold
                  | pieces
  1794 | D:3      | Bought a fuming grey potion for 27 gold pieces
  1873 | D:3      | Reached skill level 1 in Conjurations
  1873 | D:3      | Reached skill level 1 in Hexes
  1873 | D:3      | Reached skill level 1 in Summonings
  1873 | D:3      | Reached skill level 1 in Necromancy
  1873 | D:3      | Reached skill level 1 in Transmutations
  1873 | D:3      | Reached skill level 1 in Fire Magic
  1873 | D:3      | Reached skill level 1 in Ice Magic
  1873 | D:3      | Reached skill level 1 in Air Magic
  1873 | D:3      | Reached skill level 1 in Earth Magic
  1873 | D:3      | Reached skill level 1 in Poison Magic
  1873 | D:3      | Reached skill level 1 in Shapeshifting
  2263 | D:4      | Reached XP level 5. HP: 43/43 MP: 12/12
  2295 | D:4      | Noticed a centaur
  2321 | D:4      | Killed a centaur
  2322 | D:4      | Reached XP level 6. HP: 45/50 MP: 13/13
  2442 | D:4      | Reached skill level 5 in Fighting
  2442 | D:4      | Reached skill level 5 in Polearms
  2442 | D:4      | Reached skill level 5 in Dodging
  2586 | D:4      | Found a bloodstained altar of Trog.
  2598 | D:4      | You fall into a shaft and drop 1 floor!
  2598 | D:5      | Entered Level 5 of the Dungeon
  3338 | D:5      | Reached XP level 7. HP: 50/56 MP: 15/15
  3926 | D:5      | Found a blossoming altar of Fedhas.
  3930 | D:5      | Found a glowing silver altar of Zin.
  3933 | D:5      | Found a hide-covered altar of Uskayaw.
  3966 | D:6      | Noticed Duvessa
  3966 | D:6      | Noticed Dowan
  4023 | D:6      | Found a staircase to the Ecumenical Temple.
  4039 | Temple   | Entered the Ecumenical Temple
  4113 | Temple   | Became a worshipper of Dithmenos the Shadowed
  4190 | D:6      | Found Goqaa's Distillery.
  4249 | D:6      | Reached skill level 6 in Translocations
  4381 | D:6      | Bought a potion of curing for 33 gold pieces
  4608 | D:6      | Killed Dowan
  4609 | D:6      | Reached XP level 8. HP: 44/63 MP: 13/16
  5501 | D:6      | Found a shimmering altar of Xom.
  5501 | D:6      | Found an iron altar of Okawaru.
  5509 | D:6      | Found a faded altar of an unknown god.
  5513 | D:6      | Found a faded altar of an unknown god.
  5670 | D:6      | Found a radiant altar of Vehumet.
  5797 | D:5      | Slain by Duvessa

Illustrated notes

Levels and vault maps discovered:
D:1:      dpeg_arrival_line_fractal, layout_rooms, kennysheep_decorative_pillar
D:2:      layout_basic, serial_shops, shop, shop
D:3:      layout_rooms, serial_shops, shop
D:4:      layout_gridville, mainiacjoe_overflow_boulevard, serial_undead,
          serial_undead_b, serial_undead_a, serial_undead_d, serial_undead_b,
          minmay_misc_feat_chi, minmay_cut_off
D:5:      layout_rooms, grunt_temple_overflow_diamond
D:6:      layout_loops_ring, chequers_temple_overflow_minitemple,
          minmay_temple_entry_large_hall, kennysheep_small_square, uniq_duvessa
Temple:   compressed_dpeg_circular_temple

Skill      XL: |  1  2  3  4  5  6  7  8 |
---------------+-------------------------+-----
Spellcasting   | 5 |  5.9
Invocations    | 1 2 3 |  3.4
Short Blades   | 1 2 3 |  3.1
Long Blades    | 1 2 3 |  3.1
Axes           | 1 2 3 |  3.1
Maces & Flails | 1 2 3 |  3.1
Staves         | 1 2 3 |  3.1
Ranged Weapons | 1 2 3 |  3.1
Stealth        | 1 2 3 |  3.1
Shields        | 1 2 3 |  3.1
Unarmed Combat | 1 2 3 |  3.1
Evocations     | 1 2 3 |  3.1
Conjurations   | 1 2 |  2.5
Hexes          | 1 2 |  2.5
Summonings     | 1 2 |  2.5
Necromancy     | 1 2 |  2.5
Transmutations | 1 2 |  2.5
Fire Magic     | 1 2 |  2.5
Ice Magic      | 1 2 |  2.5
Air Magic      | 1 2 |  2.5
Earth Magic    | 1 2 |  2.5
Poison Magic   | 1 2 |  2.5
Shapeshifting  | 1 2 |  2.5
Throwing       | 3 4 |  4.0
Armour         | 3 4 |  4.0
Fighting       | 5 |  5.5
Polearms       | 5 |  5.5
Dodging        | 5 |  5.5
Translocations | 6 |  6.0

Action                     |  1- 3 |  4- 6 |  7- 9 || total
---------------------------+-------+-------+-------++-------
  Melee: Spear             |   154 |   251 |   187 ||   592
         Bite              |    11 |    34 |    16 ||    61
         Punch             |     1 |     4 |     4 ||     9
  Throw: Javelin           |     3 |     1 |     5 ||     9
         Stone             |       |       |     6 ||     6
         Dart              |       |       |     7 ||     7
   Cast: Teleport Other    |       |       |     9 ||     9
  Evoke: Wand              |       |       |     2 ||     2
    Use: Potion            |       |       |     1 ||     1
   Stab: Sleeping          |     2 |       |     1 ||     3
         Distracted        |       |     1 |       ||     1
 Armour: Leather armour    |    56 |    13 |     9 ||    78
         Chain mail        |       |   103 |    63 ||   166
         Skin              |       |       |     1 ||     1
  Dodge: Dodged            |    99 |    76 |    59 ||   234

Table legend: (Time is in decaauts)
 A = Elapsed time spent in this place.
 B = Non-inter-level travel time spent in this place.
 C = Inter-level travel time spent in this place.
 D = Time resting spent in this place.
 E = Time spent auto-exploring this place.
 F = Levels seen in this place.
 G = Mean time per level.
                   A        B        C        D        E       F      G
               +--------+--------+--------+--------+--------+-----+--------+
         Total |   5711 |   5564 |    147 |   1519 |   2547 |   7 |  815.9 |
       Dungeon |   5582 |   5435 |    147 |   1519 |   2547 |   6 |  930.3 |
        Temple |    129 |    129 |      0 |      0 |      0 |   1 |  129.0 |
               +--------+--------+--------+--------+--------+-----+--------+

Top non-repeatable levels by time:
     D:6: 1524 daAuts
     D:4: 1114 daAuts
     D:2: 914 daAuts
     D:5: 822 daAuts
     D:1: 614 daAuts
     D:3: 592 daAuts
  Temple: 129 daAuts
